 Dungeon Crawl Stone Soup version 0.30-a0-242-g7bf8e6d787 (webtiles) character file.

Game seed: 18053899100002603517

5693 koil the Unseen (level 10, -3/47 HPs)
             Began as a Spriggan Enchanter on Oct 11, 2022.
             Was a Follower of Dithmenos.
             Slain by a molten gargoyle
             ... wielding a +0 morningstar
              (18 damage)
             ... on level 9 of the Dungeon.
             The game lasted 00:53:36 (9059 turns).

koil the Unseen (Spriggan Enchanter)                Turns: 9059, Time: 00:53:37

Health: -3/47      AC:  8    Str:  3 (4)  XL:     10   Next: 47%
Magic:  6/22       EV: 21    Int: 18      God:    Dithmenos [*.....]
Gold:   371        SH:  0    Dex: 21      Spells: 14/24 levels left

rFire   x . .      SeeInvis +    a - +6 dagger of Distant Worlds {vamp, *Corrode rElec Dex+2}
rCold   + . .      Faith    .    (no shield)
rNeg    . . .      Spirit   .    M - +2 robe {Will+}
rPois   .          Reflect  .    (helmet restricted)
rElec   +          Harm     .    (no cloak)
rCorr   .          Rampage  .    (gloves unavailable)
Will    ++...                    (boots unavailable)
Stlth   +++++++...               e - amulet of regeneration
HPRegen 1.07/turn                n - +4 ring of protection
MPRegen 0.18/turn                R - ring of ice

@: confusing by touch, wreathed by umbra, very quick
A: very small, no large weapons, unfitting armour, see invisible, speed 3
a: Renounce Religion


You were on level 9 of the Dungeon.
You worshipped Dithmenos.
Dithmenos was aware of your devotion.
You visited 2 branches of the dungeon, and saw 10 of its levels.

You collected 567 gold pieces.
You spent 196 gold pieces at shops.

Inventory:

Hand Weapons
 a - the +6 dagger of Distant Worlds (weapon) {vamp, *Corrode rElec Dex+2}
   (You found it on level 9 of the Dungeon)

   It occasionally heals its wielder for a portion of the damage dealt when it
   wounds a living foe.
   Dex:       It affects your dexterity (+2).
   rElec:     It insulates you from electricity.
   *Corrode:  It may corrode you when you take damage.
 b - a +2 sling of flaming
 v - a +1 dagger of speed
 B - a +2 falchion of draining
 H - a +2 dagger of speed
Missiles
 h - 48 stones
 u - a boomerang of dispersal
 D - 29 poisoned darts
 O - 5 atropa-tipped darts
Armour
 t - +0 steam dragon scales
 L - an orb of mayhem
 M - a +2 robe of willpower (worn)
Magical Staves
 y - a staff of earth
Jewellery
 e - an amulet of regeneration (around neck)
 n - a +4 ring of protection (left hand)
 J - an amulet of reflection
 K - a ring of ice
 R - a ring of ice (right hand)
Wands
 z - a wand of charming (15)
 G - a wand of quicksilver (9) (quivered)
 I - a wand of flame (7)
Scrolls
 d - 2 scrolls of immolation {unknown}
 g - 2 scrolls of fear
 i - 3 scrolls of amnesia
 k - 3 scrolls of teleportation
 m - a scroll of enchant weapon {unknown}
 p - 2 scrolls of brand weapon {unknown}
 w - a scroll of poison {unknown}
 x - a scroll of identify
 F - a scroll of enchant armour
Potions
 c - 6 potions of invisibility
 f - a potion of attraction {unknown}
 j - 4 potions of heal wounds
 l - 3 potions of brilliance
 o - 5 potions of curing
 q - 4 potions of resistance
 r - 3 potions of cancellation
 s - 4 potions of haste
 A - 2 potions of might
 C - 3 potions of lignification
 E - a potion of flight


   Skills:
 + Level 2.3 Fighting
 + Level 5.8 Short Blades
 + Level 5.4 Dodging
 + Level 15.5 Stealth
 + Level 7.6 Spellcasting
 + Level 7.7 Hexes
 + Level 4.4 Ice Magic
 + Level 0.1 Evocations


You had 14 spell levels left.
You knew the following spells:

 Your Spells              Type           Power      Damage    Failure   Level
a - Ensorcelled Hibernat  Hex/Ice        86%        N/A       1%          2
b - Confusing Touch       Hex            34%        N/A       1%          3
c - Blink                 Tloc           14%        N/A       16%         2
d - Tukima's Dance        Hex            34%        N/A       1%          3

Your spell library contained the following spells:

 Spells                   Type           Power      Damage    Failure   Level
 Dazzling Flash           Conj/Hex       40%        N/A       6%          3
 Momentum Strike          Conj/Tloc      12%        3d8       16%         2
 Passwall                 Tmut/Erth      5%         N/A       16%         2
 Sublimation of Blood     Necr           6%         N/A       16%         2
 Wereblood                Tmut           6%         N/A       16%         2
 Lesser Beckoning         Tloc           14%        N/A       30%         3
 Swiftness                Air            6%         N/A       30%         3
 Summon Hydra             Summ           3%         N/A       100%        7
 Summon Horrible Things   Summ           3%         N/A       100%        8
 Fire Storm               Conj/Fire      3%         8d1       100%        9


Dungeon Overview and Level Annotations

Branches:
Dungeon (9/15)             Temple (1/1) D:7
   Lair: D:8-11         Orc: D:9-12

Altars:
Ashenzari
Cheibriados
Dithmenos
Elyvilon
Fedhas
Gozag
Hepliaklqana
Kikubaaqudgha
Makhleb
Nemelex Xobeh
Okawaru
Qazlal
Ru
Sif Muna
Trog
Uskayaw
Wu Jian
Xom
Yredelemnul
Zin
The Shining One

Shops:
D:3 *


Innate Abilities, Weirdness & Mutations

You are very small and have problems with some larger weapons.
You are too small for most types of armour.
You have supernaturally acute eyesight. (SInv)
You cover ground extremely quickly. (Speed+++)


Message History

Aiming: Tukima's Dance (safe; 1% risk of failure)
Press: ? - help, Shift-Dir - straight line, f/p - molten gargoyle
Aim: a molten gargoyle, wielding a +0 morningstar (chance to affect: 28%)
The molten gargoyle easily resists.
Casting: Tukima's Dance (safe; 1% risk of failure)
Confirm with . or Enter, or press ? or * to list all spells.
Aiming: Tukima's Dance (safe; 1% risk of failure)
Press: ? - help, Shift-Dir - straight line, f/p - molten gargoyle
Aim: a molten gargoyle, wielding a +0 morningstar (chance to affect: 28%)
The molten gargoyle easily resists.
Casting: Tukima's Dance (safe; 1% risk of failure)
Confirm with . or Enter, or press ? or * to list all spells.
Aiming: Tukima's Dance (safe; 1% risk of failure)
Press: ? - help, Shift-Dir - straight line, f/p - molten gargoyle
Aim: a molten gargoyle, wielding a +0 morningstar (umbra, chance to affect: 28%)
The molten gargoyle easily resists.
The molten gargoyle blasts magma at you!
The bolt of magma misses you.
The molten gargoyle blasts magma at you!
The bolt of magma misses you.
Casting: Tukima's Dance (safe; 1% risk of failure)
Confirm with . or Enter, or press ? or * to list all spells.
You don't know that spell.
Casting: Tukima's Dance (safe; 1% risk of failure)
Confirm with . or Enter, or press ? or * to list all spells.
Your hands begin to glow red.
The molten gargoyle blasts magma at you!
The bolt of magma hits you! The lava burns you terribly!
The molten gargoyle completely misses you.
You barely miss the molten gargoyle.
You hit the molten gargoyle but do no damage.
The molten gargoyle completely misses you.
You barely miss the molten gargoyle.
The molten gargoyle blasts magma at you!
The bolt of magma hits you! The lava burns you terribly!
You hit the molten gargoyle but do no damage.
You barely miss the molten gargoyle.
The molten gargoyle hits you with a +0 morningstar!
You are engulfed in flames!!
The fire burns you terribly!
You die...

≈≈≈≈S.#.###...## .......##..)#
...≈...#.###.### ......#.....
.#.#.#.#...#....## ....#.......
#9#.#.#.#.#........# ...###......
...............))..##.## ##.....
.....................# #.....
....................#######.....
.##....##...#.9.................
.##.....##..###.@................
........<##..##.................>
.........#............#.....####.
......................#....###.#.
............##.............#.#...
.........)###..............)....)
###........#................#....
#.......#[.................>####.
.#.....##........#.##.#.....# #..


You could see a molten gargoyle.

Vanquished Creatures
  Pikel (D:7)
  A molten gargoyle (D:9)
  2 hornets
  A slime creature (D:8)
  5 yaks (D:7)
  3 wyverns (D:8)
  A wraith (D:8)
  Eustachio (D:5)
  A steam dragon (D:8)
  3 water moccasins
  2 orc warriors
  2 ice beasts
  2 black bears
  An ogre (D:6)
  A centaur (D:5)
  A bullfrog (D:6)
  2 kobold brigands
  2 gnoll sergeants
  4 scorpions
  A wight (D:8)
  6 killer bees
  4 hounds
  5 jellies
  3 orc priests
  A gnoll bouda (D:6)
  4 iguanas
  5 orc wizards
  14 gnolls
  6 adders
  A shadow imp (D:6)
  3 worms (D:2)
  5 dart slugs
  19 orcs
  3 bats
  4 endoplasms
  2 giant cockroaches (D:1)
  8 goblins
  3 hobgoblins
  8 jackals
  11 kobolds
  3 quokkas
  6 ball pythons
  7 frilled lizards
  4 rats
172 creatures vanquished.

Notes
Turn   | Place    | Note
-------+----------+-------------------------------------------
     0 | D:1      | koil the Spriggan Enchanter began the quest for the Orb.
     0 | D:1      | Reached XP level 1. HP: 9/9 MP: 5/5
   194 | D:1      | Reached XP level 2. HP: 11/13 MP: 6/6
   201 | D:1      | Learned a level 2 spell: Ensorcelled Hibernation
  1107 | D:1      | Reached XP level 3. HP: 16/16 MP: 8/8
  1133 | D:1      | Reached skill level 5 in Stealth
  1561 | D:2      | Found a sacrificial altar of Ru.
  1762 | D:2      | Got the Incunabulum of Amassed Fire
  1790 | D:2      | Reached XP level 4. HP: 21/21 MP: 9/9
  1794 | D:2      | Learned a level 3 spell: Confusing Touch
  2358 | D:3      | Found Losol's Assorted Antiques.
  2371 | D:3      | Bought a crystal war axe for 178 gold pieces
  2371 | D:3      | Identified the +8 war axe "Mozail" {holy, Contam Will+++
                  | Dex-2 SInv} (You bought it in a shop on level 3 of the
                  | Dungeon)
  2371 | D:3      | Bought a fizzy green potion for 18 gold pieces
  2846 | D:4      | Reached skill level 6 in Stealth
  2890 | D:4      | Reached XP level 5. HP: 25/25 MP: 7/10
  2894 | D:4      | Identified the +6 hand axe "Nafoehy" {flame, rC+ rN+ Dex-5}
  3025 | D:4      | Noticed a black bear
  3050 | D:4      | Killed a black bear
  3051 | D:4      | Reached skill level 1 in Fighting
  3051 | D:4      | Reached skill level 7 in Stealth
  3051 | D:4      | Reached XP level 6. HP: 30/30 MP: 8/11
  3240 | D:4      | Noticed a water moccasin
  3247 | D:4      | Killed a water moccasin
  3248 | D:4      | Reached skill level 1 in Ice Magic
  3563 | D:4      | Found a basalt altar of Yredelemnul.
  3588 | D:4      | Found an ornate altar of the Wu Jian Council.
  3647 | D:5      | Entered Level 5 of the Dungeon
  3653 | D:5      | Found an iron altar of Okawaru.
  3659 | D:5      | Reached skill level 8 in Stealth
  3665 | D:5      | Reached XP level 7. HP: 33/33 MP: 6/13
  4001 | D:5      | Reached skill level 9 in Stealth
  4213 | D:5      | Noticed Eustachio
  4220 | D:5      | Killed Eustachio
  4325 | D:5      | Reached skill level 5 in Hexes
  4381 | D:5      | Reached skill level 10 in Stealth
  4381 | D:5      | Reached XP level 8. HP: 37/37 MP: 15/15
  5842 | D:6      | Reached skill level 5 in Spellcasting
  5845 | D:6      | Learned a level 2 spell: Blink
  5900 | D:6      | Reached skill level 11 in Stealth
  6326 | D:6      | Reached XP level 9. HP: 42/42 MP: 15/18
  6550 | D:7      | Found a staircase to the Ecumenical Temple.
  6550 | D:7      | Noticed Pikel
  6565 | D:7      | Killed Pikel
  6566 | D:7      | Reached skill level 5 in Short Blades
  6566 | D:7      | Reached skill level 5 in Dodging
  6566 | D:7      | Reached skill level 12 in Stealth
  6745 | D:7      | Reached skill level 13 in Stealth
  7231 | Temple   | Entered the Ecumenical Temple
  7346 | Temple   | Became a worshipper of Dithmenos the Shadowed
  7716 | D:8      | Reached XP level 10. HP: 46/46 MP: 21/21
  7811 | D:8      | Reached skill level 14 in Stealth
  8621 | D:8      | Reached skill level 15 in Stealth
  8740 | D:9      | Identified the +6 dagger of Distant Worlds {vamp, *Corrode
                  | rElec Dex+2}
  8806 | D:9      | Reached * piety under Dithmenos
  8829 | D:9      | Noticed a molten gargoyle
  8852 | D:9      | Noticed a molten gargoyle
  8854 | D:9      | Noticed a molten gargoyle
  8943 | D:9      | Noticed a molten gargoyle
  8980 | D:9      | Learned a level 3 spell: Tukima's Dance
  9014 | D:9      | Killed a molten gargoyle
  9059 | D:9      | Slain by a molten gargoyle

Illustrated notes

Levels and vault maps discovered:
D:1:      noname_arrival_rooms_in_the_neighbourhood, layout_basic, minivault_5,
          serial_bayou_crossing
D:2:      layout_basic, basic_altar, minmay_pentomino_z4
D:3:      layout_basic, serial_shops, shop, minmay_distorted
D:4:      layout_cave_pods, mainiacjoe_overflow_big_doors
D:5:      layout_layer_cave, okawaru_trees_2, uniq_eustachio
D:6:      layout_basic
D:7:      layout_cave_pools, minmay_temple_entry_glass, hex_tiny, uniq_pikel
D:8:      minmay_chambers_of_fours, layout_basic
D:9:      layout_cave_pools, kennysheep_little_box, minivault_8
Temple:   compressed_dpeg_circular_temple

Skill      XL: |  1  2  3  4  5  6  7  8  9 10 |
---------------+-------------------------------+-----
Dodging        | 3 4 5 |  5.4
Stealth        | 5 6 7 8 10 11 13 15 | 15.5
Short Blades   | 2 3 4 5 |  5.8
Spellcasting   | 3 4 5 7 |  7.6
Hexes          | 4 5 6 7 |  7.7
Fighting       | 1 2 |  2.3
Ice Magic      | 1 3 4 |  4.4
Evocations     | |  0.1

Action                   |  1- 3 |  4- 6 |  7- 9 | 10-12 || total
-------------------------+-------+-------+-------+-------++-------
Melee: Dagger            |   169 |    65 |   135 |    77 ||   446
       Punch             |     1 |     1 |     1 |     1 ||     4
 Cast: Ensorcelled Hiber |       |     9 |    68 |    18 ||    95
       Confusing Touch   |       |       |     1 |     5 ||     6
       Tukima's Dance    |       |       |       |     5 ||     5
       Blink             |       |       |       |     1 ||     1
Evoke: Wand              |       |       |       |     2 ||     2
  Use: Scroll            |       |       |    18 |       ||    18
       Potion            |       |       |     2 |       ||     2
 Stab: Sleeping          |    12 |    15 |    62 |    19 ||   108
       Distracted        |       |       |     1 |       ||     1
       Confused          |       |       |     1 |     3 ||     4
Armor: Robe              |    24 |     6 |     5 |     4 ||    39
Dodge: Dodged            |   103 |    48 |    98 |    41 ||   290

Table legend: (Time is in decaauts)
 A = Elapsed time spent in this place.
 B = Non-inter-level travel time spent in this place.
 C = Inter-level travel time spent in this place.
 D = Time resting spent in this place.
 E = Time spent auto-exploring this place.
 F = Levels seen in this place.
 G = Mean time per level.
                   A        B        C        D        E       F      G
               +--------+--------+--------+--------+--------+-----+--------+
         Total |   6287 |   6103 |    184 |    747 |   3911 |  10 |  628.7 |
       Dungeon |   6123 |   5939 |    184 |    744 |   3876 |   9 |  680.3 |
        Temple |    164 |    164 |      0 |      3 |     34 |   1 |  164.0 |
               +--------+--------+--------+--------+--------+-----+--------+

Top non-repeatable levels by time:
     D:5: 1189 daAuts
     D:1: 910 daAuts
     D:6: 832 daAuts
     D:8: 752 daAuts
     D:7: 606 daAuts
     D:4: 553 daAuts
     D:3: 499 daAuts
     D:2: 487 daAuts
     D:9: 292 daAuts
  Temple: 164 daAuts
